 Dungeon Crawl Stone Soup version 0.23-a0-650-ga4d50d4 (webtiles) character file.

250 zishaf the Skirmisher (level 6, -5/56 HPs)
             Began as a Hill Orc Monk on Jan 5, 2019.
             Splashed by Ijyb's acid (13 damage)
             ... on level 3 of the Dungeon.
             The game lasted 00:05:32 (2436 turns).

zishaf the Skirmisher (Hill Orc Monk)               Turns: 2436, Time: 00:05:32

Health: -5/56      AC:  7    Str: 16    XL:     6   Next: 13%
Magic:  15/15      EV: 10    Int: 10    God:
Gold:   189        SH:  8    Dex: 13    Spells: 5/5 levels left

rFire    . . .     SeeInvis .   a - +0 hand axe
rCold    . . .     Gourm    .   i - +0 buckler
rNeg     . . .     Faith    .   h - +0 scale mail
rPois    .         Spirit   .   (no helmet)
rElec    .         Reflect  +   g - +0 cloak
rCorr    .         Harm     .   (no gloves)
MR       .....                  (no boots)
Stlth    ..........             p - +3 amulet of reflection
HPRegen  0.18/turn              s - ring of magical power
MPRegen  0.14/turn              (no ring)

@: no status effects
A: no striking features
a: no special abilities


You were on level 3 of the Dungeon.
You were not hungry.

You visited 1 branch of the dungeon, and saw 3 of its levels.

You collected 189 gold pieces.

Inventory:

Hand Weapons
 a - a +0 hand axe (weapon)
Missiles
 r - 2 javelins (quivered)
Armour
 g - a +0 cloak (worn)
 h - a +0 scale mail (worn)
 i - a +0 buckler (worn)
Jewellery
 k - an uncursed ring of ice
 p - a +3 amulet of reflection (around neck)
 s - a ring of magical power (left hand)
Scrolls
 b - 2 scrolls of remove curse
 l - a scroll of teleportation
 n - a scroll of fog {unknown}
 t - a scroll of identify {unknown}
Potions
 e - a potion of magic {unknown}
 j - a potion of heal wounds {unknown}
 m - a potion of curing
 o - a potion of cancellation {unknown}
 q - 4 potions of haste {unknown}
Comestibles
 c - 5 rations
 f - 4 chunks of flesh


   Skills:
 + Level 5.0 Fighting
 - Level 4.0 Axes
 + Level 2.7 Armour
 - Level 3.0 Dodging
 - Level 1.5 Stealth
 * Level 3.9 Shields


You had 5 spell levels left.
You didn't know any spells.
Your spell library contained the following spells:

 Spells                   Type           Power        Failure   Level  Hunger
 Confusing Touch          Hex            #.....       80%         1    ##.....
 Confuse                  Hex            #.......     99%         3    ####...
 Gell's Gravitas          Tloc           #.........   99%         3    ####...
 Petrify                  Tmut/Erth      #.......     100%        4    #####..
 Metabolic Englaciation   Hex/Ice        #.........   100%        5    ######.
 Yara's Violent Unravell  Hex/Tmut       #.........   100%        5    ######.


Dungeon Overview and Level Annotations

Branches:
Dungeon (3/15)

Altars:
Gozag

Annotations:
D:3 Grinder, Ijyb


Message History

You throw a tomahawk. The tomahawk barely misses Ijyb.
An adder comes into view.
Throwing (i - inventory. (/) - cycle)
d - 2 tomahawks (quivered)
Press: ? - help, Shift-Dir - straight line, f/p - Ijyb
Aim: Ijyb, wearing a +0 chain mail and carrying a wand of acid (9) (lightly You throw a tomahawk.
The tomahawk hits Ijyb.
Ijyb is moderately wounded.
Ijyb zaps a wand.
The bolt of acid misses you.
Throwing (i - inventory. (/) - cycle)
d - a tomahawk (quivered)
Press: ? - help, Shift-Dir - straight line, f/p - Ijyb
Aim: Ijyb, wearing a +0 chain mail and carrying a wand of acid (8) (moderately You throw a tomahawk.
The tomahawk hits Ijyb but does no damage.
Ijyb is moderately wounded.
Ijyb zaps a wand.
The bolt of acid hits you!
You are splashed with acid!
The acid burns!
Ijyb zaps a wand.
The bolt of acid hits you!
* * * LOW HITPOINT WARNING * * *
You are splashed with acid!
The acid burns!
You die...

#.#.## #.#
♣♣...♣♣♣..
#.#.(#
♣.....♣..♣
..##.##
♣...♣....♣ ###
#..# ♣.♣♣♣♣.♣♣♣
##S## ♣.♣ ♣♣♣
#.g##..# ♣.♣♣
##.##..# ♣..♣ #
#.##..# ♣♣.♣
#######.#
#.@...# ♣♣.♣
........#
#.....# ♣.♣♣
#...#### #...#.#
♣♣.♣♣ ###....##
#...#.## ♣♣.♣
####..##
#......# ♣.♣
##..### #...#..#
♣.♣
##...####...#..#
♣.♣
###....#...#..#
♣.♣
####.....#..#
♣^♣


You could see Ijyb and an adder.

Vanquished Creatures
  Sigmund (D:3)
  An adder (D:2)
  2 oozes
  A worm (D:2)
  3 dart slugs (D:1)
  6 leopard geckos
  4 orcs
  3 bats
  2 giant cockroaches
  11 goblins
  6 hobgoblins
  2 jackals (D:1)
  10 kobolds
  A quokka (D:3)
  A ball python (D:3)
  6 frilled lizards
  5 rats
65 creatures vanquished.

Notes
Turn   | Place    | Note
-------+----------+-------------------------------------------
     0 | D:1      | zishaf the Hill Orc Monk began the quest for the Orb.
     0 | D:1      | Reached XP level 1. HP: 19/19 MP: 1/1
   173 | D:1      | Reached XP level 2. HP: 27/27 MP: 2/2
   229 | D:1      | Reached skill level 1 in Armour
   416 | D:1      | Reached skill level 4 in Fighting
   448 | D:1      | Reached skill level 1 in Shields
   448 | D:1      | Reached XP level 3. HP: 33/33 MP: 3/3
  1118 | D:2      | Reached XP level 4. HP: 40/40 MP: 4/4
  1226 | D:2      | Found an opulent altar of Gozag.
  1616 | D:3      | Noticed Grinder
  1621 | D:3      | Paralysed by Grinder for 7 turns
  1661 | D:3      | Paralysed by Grinder for 2 turns
  2220 | D:3      | Noticed Sigmund
  2239 | D:3      | Killed Sigmund
  2239 | D:3      | Reached skill level 5 in Fighting
  2239 | D:3      | Reached XP level 5. HP: 23/48 MP: 5/5
  2239 | D:3      | Reached XP level 6. HP: 27/56 MP: 6/6
  2424 | D:3      | Noticed Ijyb
  2436 | D:3      | Splashed by Ijyb's acid

Vault maps used:
D:1:      saegor_arrival_simple_d, minmay_misc_feat_rows,
          minmay_indecisive_spiral
D:2:      nicolae_gozag_cash_rules_everything_around_me
D:3:      kb_forest_paths, uniq_sigmund, uniq_grinder, uniq_ijyb

Skill      XL: |  1  2  3  4 |
---------------+-------------+-----
Armour         | 1 2 |  2.7
Fighting       | 4 5 |  5.0
Shields        | 1 3 |  3.9
Dodging        | 3 |  3.0
Axes           | |  4.0
Stealth        | |  1.5

Action                   |  1- 3 |  4- 6 || total
-------------------------+-------+-------++-------
Melee: Hand axe          |   111 |    95 ||   206
Throw: Tomahawk          |    40 |    21 ||    61
       Javelin           |       |     1 ||     1
  Use: Scroll            |       |     2 ||     2
       Potion            |       |     1 ||     1
  Eat: Chunk             |     1 |     1 ||     2
       Ration            |       |     1 ||     1
Armor: Robe              |     2 |       ||     2
       Scale mail        |    40 |    37 ||    77
Dodge: Dodged            |    40 |    43 ||    83
Block: Buckler           |    10 |    20 ||    30
       Reflection        |       |     2 ||     2

Table legend:
 A = Non-vault XP
 B = Vault XP
 C = Vault XP percentage of total XP
 D = Non-vault monster count
 E = Vault monster count
 F = Vault count percentage of total count
                 A         B        C        D         E       F
            +---------+---------+-------+---------+---------+-------
      Total |     134 |     224 |  62.6 |      55 |      10 |  15.4
            +---------+---------+-------+---------+---------+-------
        D:1 |      64 |       6 |   8.6 |      29 |       4 |  12.1
        D:2 |      51 |       0 |   0.0 |      19 |       0 |   0.0
        D:3 |      19 |     218 |  92.0 |       7 |       6 |  46.2
            +---------+---------+-------+---------+---------+-------
